Map: Apotheosis LE

Players

Scouter - Winner!

  • Race: Zerg Zerg
  • League: Platinum

A.I. 1 (Elite)

  • Race: Terran Terran

VOD

Have the link to the VOD?

Description

Build order to defeat the marine stim timing. Must be optimized

Time

  • Played on: Sept. 26, 2016, 9:15 p.m.
  • Length: 12:25
Show
View Real Time Build Order
Export as new Build Order

Scouter Zerg - Winner!

Build Orders: Hatch First 

Get SALT Encoding   

  12  0:01  Drone  
  13  0:12  Overlord  
  13  0:21  Drone  
  14  0:31  Drone  
  14  0:32  Drone  
  14  0:35  Drone  
  17  0:54  Hatchery  
  16  0:57  Drone  
  16  1:02  Extractor  
  16  1:03  Drone  
  17  1:18  Spawning Pool  
  16  1:20  Drone  
  16  1:25  Drone  
  18  1:36  Drone  
  19  1:45  Overlord  
  19  1:52  Drone  
  20  2:04  Drone  
  20  2:06  Queen x2  
  25  2:11  Drone  
  25  2:12  Drone  
  27  2:20  Drone  
  27  2:22  Drone  
  29  2:25  Extractor, Metabolic Boost  
  28  2:30  Baneling Nest  
  28  2:35  Drone  
  28  2:37  Drone  
  29  2:44  Drone  
  30  2:45  Drone  
  31  2:52  Drone  
  31  2:54  Drone  
  33  3:04  Overlord  
  33  3:10  Hatchery  
  32  3:13  Drone  
  32  3:16  Zergling x2  
  34  3:26  Drone  
  34  3:27  Drone  
  36  3:28  Drone x3  
  39  3:44  Zergling x2  
  39  3:45  Zergling x4  
  42  3:49  Zergling x2  
  42  3:50  Zergling x2  
  42  3:53  Spine Crawler  
  43  3:55  Spine Crawler  
  43  4:01  Spine Crawler  
  43  4:02  Zergling x4  
  43  4:03  Overlord  
  43  4:12  Baneling  
  43  4:13  Baneling x2  
  36  4:31  Zergling x6  
  36  4:32  Zergling x4  
  36  4:33  Zergling x14  
  36  4:34  Zergling x2  
  44  5:09  Queen  
  35  5:43  Drone x3, Zergling x4  
  35  5:44  Drone x4  
  35  5:45  Drone x3  
  35  5:46  Drone x6  
  35  5:49  Queen  
  53  5:50  Queen  
  53  5:53  Extractor  
  53  5:55  Extractor  
  55  6:01  Drone x2  
  57  6:07  Baneling x3  
  57  6:08  Baneling, Lair  
  57  6:17  Extractor  
  56  6:29  Roach Warren  
  55  6:41  Zergling x2  
  55  6:42  Zergling x4  
  55  6:43  Overlord x3  
  55  6:45  Overlord x2  
  58  6:54  Evolution Chamber  
  58  6:55  Evolution Chamber  
  58  7:00  Drone x2  
  58  7:02  Drone x6  
  58  7:05  Drone x2  
  58  7:06  Drone x3  
  69  7:24  Centrifical Hooks  
  69  7:30  Zerg Melee Weapons Level 1  
  69  7:31  Zerg Ground Armor Level 1  
  69  7:35  Glial Reconstitution  
  69  7:37  Roach x2  
  69  7:38  Roach x4  
  69  7:39  Roach x4  
  69  7:40  Roach x4  
  69  7:41  Overlord x2, Zergling x2  
  98  7:49  Burrow  
  98  7:50  Pneumatized Carapace  
  98  8:01  Overlord x4  
  98  8:03  Roach x3  
  104  8:26  Overlord x2, Roach x2  
  108  8:28  Roach x2  
  108  8:29  Roach x6  
  108  8:34  Overseer x2  
  124  8:56  Zergling x6  
  124  8:57  Zergling x4  
  129  9:15  Roach  
  129  9:16  Roach x3  
  129  9:17  Overlord x2, Roach x2  
  141  9:18  Roach  
  143  9:29  Infestation Pit  
  142  9:34  Hydralisk Den  
  141  9:50  Roach x5  
  141  9:51  Roach  
  141  9:52  Roach x2  
  159  9:53  Roach x4  
  159  9:54  Overlord x2  
  159  9:55  Roach x3  
  159  9:56  Roach  
  172  10:10  Roach  
  172  10:11  Roach  
  135  11:04  Roach  
  135  11:05  Roach x6  
  135  11:06  Zergling x6  
  135  11:07  Zergling x8  
  153  11:22  Hatchery  
  150  11:28  Hatchery  
  150  11:29  Roach x34  
Show
View Real Time Build Order
Export as new Build Order

A.I. 1 (Elite) Terran 

Build Orders: MMM Bio 

Get SALT Encoding   

  12  0:00  SCV  
  13  0:13  SCV  
  14  0:19  Supply Depot  
  14  0:25  SCV  
  15  0:41  SCV  
  15  0:42  Barracks  
  16  0:47  Refinery  
  16  0:53  SCV  
  17  1:04  Barracks  
  17  1:05  SCV  
  18  1:17  SCV  
  19  1:30  Orbital Command  
  19  1:32  Marine  
  20  1:40  Barracks  
  20  1:49  Marine  
  20  1:50  Marine  
  22  1:57  Supply Depot  
  22  2:01  SCV  
  23  2:08  Barracks Tech Lab  
  23  2:09  Barracks Tech Lab  
  23  2:18  SCV  
  24  2:25  Marine  
  24  2:27  Stimpack, Marine x2  
  24  2:28  Concussive Shells  
  27  2:37  Supply Depot  
  27  2:43  Marine  
  28  2:44  Marine  
  28  2:45  Marine, SCV  
  31  3:02  Marine, Marauder  
  31  3:04  Marauder  
  36  3:08  Supply Depot  
  36  3:20  Marine, SCV  
  36  3:21  Combat Shields  
  36  3:22  Marine  
  36  3:27  Supply Depot  
  39  3:29  Marine  
  40  3:38  Marine  
  40  3:41  Marauder  
  43  3:47  Refinery  
  43  3:55  SCV  
  44  4:08  SCV  
  45  4:10  Factory  
  45  4:20  SCV  
  46  4:27  Supply Depot  
  46  4:31  Marine  
  43  4:32  Marine, SCV  
  44  4:39  Marine  
  43  4:47  Engineering Bay  
  43  4:49  Marauder  
  43  4:50  Marine  
  46  4:56  Hellion, Starport  
  46  4:57  Marine  
  39  5:08  Marauder  
  39  5:10  Marine  
  41  5:15  Command Center, Marine  
  42  5:22  SCV  
  39  5:28  Marauder  
  39  5:29  Marine  
  39  5:33  Marine  
  33  5:47  Marauder  
  33  5:49  Marine  
  36  5:51  Barracks Reactor  
  36  5:56  Factory Tech Lab  
  36  6:07  Marauder  
  36  6:08  Marine  
  36  6:09  Barracks  
  39  6:15  Siege Tank  
  42  6:25  Starport Reactor  
  42  6:27  SCV, Marauder  
  42  6:28  Marine  
  46  6:33  Marine  
  46  6:36  Marine  
  48  6:42  SCV  
  48  6:44  SCV  
  48  6:46  Marine  
  51  6:47  Siege Tank  
  51  6:52  Marauder  
  57  6:54  SCV  
  57  6:56  Marine, SCV  
  57  7:01  Marine  
  59  7:06  Marauder, SCV  
  63  7:08  SCV  
  63  7:14  Marauder  
  66  7:18  SCV  
  66  7:20  SCV  
  68  7:30  SCV  
  68  7:33  SCV  
  68  7:35  Supply Depot  
  70  7:42  SCV  
  70  7:43  Terran Infantry Weapons Level 1  
  71  7:44  Engineering Bay, Marine  
  71  7:45  SCV  
  71  7:48  Marine  
  74  7:54  SCV  
  74  7:57  SCV  
  76  8:02  Marauder  
  78  8:06  SCV  
  78  8:09  Command Center  
  79  8:13  Terran Infantry Armor Level 1  
  79  8:19  Supply Depot, SCV  
  80  8:22  Marauder  
  85  8:27  Siege Tank  
  85  8:37  Orbital Command  
  85  8:43  Supply Depot  
  85  8:45  Missile Turret  
  85  8:50  Missile Turret  
  85  8:52  Medivac  
  87  8:56  Medivac  
  87  8:57  Marine  
  87  8:59  Marine, Siege Tank  
  93  9:12  Supply Depot  
  93  9:15  Marauder  
  95  9:19  Marauder  
  95  9:21  SCV  
  95  9:22  SCV  
  95  9:24  SCV  
  103  9:31  Siege Tank  
  103  9:33  SCV  
  103  9:34  SCV  
  103  9:36  SCV  
  106  9:45  Refinery, SCV  
  106  9:46  Refinery, SCV  
  106  9:48  SCV  
  106  9:50  Supply Depot  
  109  9:58  SCV  
  110  10:00  SCV  
  110  10:01  SCV  
  110  10:02  Widow Mine  
  113  10:10  SCV  
  113  10:12  SCV  
  115  10:14  Armory  
  115  10:15  Command Center  
  111  10:30  SCV  
  111  10:32  Siege Tank  
  111  10:33  SCV  
  111  10:35  SCV  
  100  10:38  Marine  
  100  10:40  Marine  
  88  10:45  Marine  
  66  10:50  Marine  
  66  10:53  Marine  
  57  11:00  Marine  
  57  11:03  Widow Mine  
  58  11:06  Marine  
  58  11:07  Marine  
  60  11:15  Marine  
  60  11:17  Marine  
  62  11:18  Marauder  
  62  11:24  Marauder  
  62  11:25  Marine  
  59  11:28  Orbital Command  
  59  11:32  Marine  
  60  11:40  Marauder  
  60  11:46  Marine  
  55  11:50  Marine, SCV  
  55  11:51  SCV  
  48  11:55  Marine x2  
  49  12:01  Marauder  
Tags
 
Add a new tag
Caveats
  • Supply blocks, unpowered buildings, or Contaminate may cause inaccurate times.
  • Supply counts are checked every 10 seconds.